 Dungeon Crawl Stone Soup version 0.26.1-11-gd32895ea62 (webtiles) character file.

Game seed: 5215195183265266264

5623 Almogavar the Cleaver (level 10, -11/88 HPs)
             Began as a Hill Orc Fighter on Apr 20, 2021.
             Was a Priest of Okawaru.
             Mangled by a manticore (13 damage)
             ... on level 8 of the Dungeon.
             The game lasted 00:23:14 (9426 turns).

Almogavar the Cleaver (Hill Orc Fighter)            Turns: 9426, Time: 00:23:14

Health: -11/88     AC: 16    Str: 23    XL:     10   Next: 73%
Magic:  9/10       EV:  8    Int:  8    God:    Okawaru [***...]
Gold:   470        SH: 12    Dex: 16    Spells: 9/9 levels left

rFire    . . .     SeeInvis .   j - +0 hand axe (flame)
rCold    . . .     Faith    .   c - +0 kite shield
rNeg     . . .     Spirit   .   b - +0 chain mail {Will+}
rPois    .         Reflect  .   (no helmet)
rElec    .         Harm     .   n - +0 cloak
rCorr    .         Rampage  .   (no gloves)
Will     +....                  (no boots)
Stlth    ..........             (no amulet)
HPRegen  0.24/turn              w - +6 ring of dexterity
MPRegen  0.12/turn              g - +4 ring of protection

@: no status effects
A: no striking features
a: Renounce Religion, Heroism


You were on level 8 of the Dungeon.
You worshipped Okawaru.
Okawaru was most pleased with you.
You visited 2 branches of the dungeon, and saw 9 of its levels.

You collected 470 gold pieces.

Inventory:

Hand Weapons
 j - a +0 hand axe of flaming (weapon)
Missiles
 A - 8 javelins (quivered)
 B - 7 atropa-tipped darts
Armour
 b - a +0 chain mail of willpower (worn)
 c - a +0 kite shield (worn)
 n - a +0 cloak (worn)
 r - the +7 ring mail "Bizeorhe" {Dex+6, unknown}
   (You found it on level 6 of the Dungeon)

   It affects your dexterity (+6).
 t - the -1 cloak of Xifut {rN+++ MP-9 Str+3 Dex-5}
   (You found it on level 5 of the Dungeon)

   It affects your strength (+3).
   It affects your dexterity (-5).
   It renders you almost immune to negative energy.
   It affects your magic capacity (-9).
 y - a +0 plate armour
Jewellery
 e - an uncursed ring of poison resistance
 g - a +4 ring of protection (right hand)
 m - an uncursed ring of fire
 p - an uncursed amulet of magic regeneration
 q - an uncursed ring of positive energy
 w - a +6 ring of dexterity (left hand)
Wands
 v - a wand of digging (5)
Scrolls
 a - 4 scrolls of remove curse
 f - a scroll of amnesia
 i - 3 scrolls of teleportation
 l - a scroll of enchant weapon
Potions
 d - a potion of might
 h - 7 potions of curing
 k - a potion of magic
 o - 2 potions of haste
 s - 2 potions of berserk rage
 u - a potion of heal wounds {unknown}
 x - 2 potions of cancellation {unknown}
 z - a potion of ambrosia {unknown}


   Skills:
 + Level 7.8 Fighting
 + Level 12.8 Axes
 + Level 1.6 Throwing
 + Level 8.0 Armour
 + Level 2.6 Dodging
 + Level 8.6 Shields
 + Level 1.1 Invocations


You had 9 spell levels left.
You didn't know any spells.
Your spell library contained the following spells:

 Spells                   Type           Power        Failure   Level
 Animate Skeleton         Necr           0%           99%         1
 Apportation              Tloc           0%           99%         1
 Beastly Appendage        Tmut           0%           99%         1
 Corona                   Hex            0%           99%         1
 Summon Small Mammal      Summ           0%           99%         1
 Wereblood                Tmut           0%           100%        2
 Spider Form              Tmut/Pois      0%           100%        3
 Ice Form                 Ice/Tmut       0%           100%        4
 Blade Hands              Tmut           0%           100%        5


Dungeon Overview and Level Annotations

Branches:
Dungeon (8/15)             Temple (1/1) D:5
   Lair: D:8-11

Altars:
Cheibriados
Dithmenos
Elyvilon
Fedhas
Gozag
Hepliaklqana
Kikubaaqudgha
Nemelex Xobeh
Okawaru
Qazlal
Ru
Sif Muna
Trog
Vehumet
Wu Jian
Yredelemnul

Shops:
D:6 [


Message History

* * * LOW HITPOINT WARNING * * *
The manticore claws you but does no damage.
You see here a howler monkey corpse.
You hit the manticore. You burn the manticore.
The manticore is lightly wounded.
You block the manticore's attack. x2
The manticore claws you but does no damage.
You hit the manticore. You burn the manticore.
The manticore is lightly wounded.
The wyvern hisses menacingly.
You hit the manticore. You burn the manticore.
The manticore is moderately wounded.
The manticore closely misses you. The manticore claws you!
* * * LOW HITPOINT WARNING * * *
You block the manticore's attack.
You hit the manticore but do no damage.
The manticore is moderately wounded.
You feel like a meek peon again. The manticore bites you!
You die...

## ### ♣. ♣♣.♣♣
♣.#♣♣.♣♣#♣...♣#..#
♣...)♣........#..#
♣.♣♣#♣...♣#..# ♣@♣
♣♣.♣♣#.. #H# ♣.♣
#.. ♣o♣ ♣♣.♣ #.#
(l. #♣.♣♣♣#.# ####
≈≈≈ #.♣♣..#.# #...
♣.≈.♣#...♣.#.###...
♣♣.♣♣#♣♣♣♣.#..(>...
.#. ♣.♣#.(##...
♣♣)..(##...


You could see a manticore, a wyvern and an orc.

Vanquished Creatures
  Pikel (D:7)
  The ghost of Descartes the Chucker, a novice TrHu (D:5)
  Joseph (D:7)
  A troll (D:8)
  A wyvern (D:7)
  A water moccasin (D:3)
  Edmund (D:4)
  A hornet zombie (D:7)
  2 ice beasts
  2 phantoms (D:8)
  An eye of draining (D:7)
  4 orc warriors
  2 black bears (D:6)
  2 necrophages (D:7)
  3 ogres
  2 lemures (D:7)
  2 centaurs
  4 bullfrogs
  3 scorpions
  4 killer bees (D:7)
  5 wights (D:6)
  2 howler monkeys (D:8)
  A bullfrog zombie (D:7)
  A centaur zombie (D:5)
  A jelly (D:8)
  Crazy Yiuf (D:2)
  2 hounds
  4 quasits
  6 orc priests
  A bullfrog skeleton (D:5)
  Terence (D:3)
  Natasha (twice) (D:2)
  An iguana (D:6)
  10 orc wizards
  7 worker ants
  A hound zombie (D:6)
  11 gnolls
  14 adders
  3 white imps
  An ufetubus (D:8)
  3 adder skeletons
  6 worms
  2 dart slugs
  5 leopard geckos
  27 orcs
  8 bats
  7 giant cockroaches
  6 goblins
  3 hobgoblins
  7 jackals
  5 kobolds
  4 quokkas
  A ball python (D:4)
  8 frilled lizards
  A giant cockroach zombie (D:5)
  8 rats
215 creatures vanquished.

Notes
Turn   | Place    | Note
-------+----------+-------------------------------------------
     0 | D:1      | Almogavar the Hill Orc Fighter began the quest for the Orb.
     0 | D:1      | Reached XP level 1. HP: 19/19 MP: 1/1
   221 | D:1      | Reached XP level 2. HP: 26/27 MP: 2/2
   430 | D:1      | Reached skill level 3 in Axes
   840 | D:2      | Reached XP level 3. HP: 31/33 MP: 3/3
   916 | D:2      | Noticed Natasha
   927 | D:2      | Killed Natasha
   928 | D:2      | Reached XP level 4. HP: 5/40 MP: 4/4
   933 | D:2      | Reached skill level 4 in Axes
  1293 | D:2      | Noticed Natasha
  1303 | D:2      | Killed Natasha
  1493 | D:2      | Found a runed translucent door.
  1494 | D:2      | Noticed Crazy Yiuf
  1608 | D:2      | Killed Crazy Yiuf
  1609 | D:2      | Reached XP level 5. HP: 47/47 MP: 5/5
  1676 | D:3      | Reached skill level 5 in Axes
  1735 | D:3      | Found an opulent altar of Gozag.
  2098 | D:3      | Reached XP level 6. HP: 53/53 MP: 6/6
  2218 | D:3      | Reached skill level 6 in Axes
  2553 | D:3      | Noticed Terence
  2564 | D:3      | Killed Terence
  2565 | D:3      | Reached skill level 1 in Dodging
  2644 | D:3      | Found a hazy altar of Hepliaklqana.
  2890 | D:4      | Noticed a water moccasin
  3347 | D:4      | Reached XP level 7. HP: 60/60 MP: 7/7
  3618 | D:3      | Reached skill level 5 in Fighting
  3618 | D:3      | Reached skill level 7 in Axes
  3618 | D:3      | Reached skill level 5 in Shields
  3968 | D:4      | Noticed Edmund
  3983 | D:4      | Killed Edmund
  3984 | D:4      | Reached skill level 5 in Armour
  4074 | D:4      | Reached XP level 8. HP: 47/68 MP: 8/8
  4463 | D:5      | Entered Level 5 of the Dungeon
  4465 | D:5      | Found a staircase to the Ecumenical Temple.
  4477 | Temple   | Entered the Ecumenical Temple
  4506 | Temple   | Became a worshipper of Warmaster Okawaru
  4567 | D:5      | Got a warped cloak
  4578 | D:5      | Identified the -1 cloak of Xifut {rN+++ MP-9 Str+3 Dex-5}
                  | (You found it on level 5 of the Dungeon)
  4666 | D:5      | Reached skill level 8 in Axes
  4765 | D:5      | Found a transporter.
  4770 | D:5      | Noticed Descartes's ghost (novice TrHu)
  4852 | D:5      | Found a transporter.
  5142 | D:5      | Found a snail-covered altar of Cheibriados.
  5305 | D:5      | Reached skill level 9 in Axes
  5469 | D:5      | Reached * piety under Okawaru
  5763 | D:5      | Killed Descartes's ghost
  5764 | D:5      | Reached skill level 10 in Axes
  5764 | D:5      | Reached XP level 9. HP: 22/75 MP: 6/9
  6264 | D:6      | Found Zuycwout's Armour Emporium.
  6269 | D:6      | Got a pitted ring mail
  6293 | D:6      | Reached ** piety under Okawaru
  6674 | D:6      | Reached skill level 11 in Axes
  7086 | D:7      | Noticed Pikel
  7093 | D:7      | Noticed Joseph
  7115 | D:7      | Killed Pikel
  7116 | D:7      | Reached skill level 1 in Invocations
  7132 | D:6      | Reached XP level 10. HP: 26/86 MP: 3/10
  7735 | D:7      | Reached *** piety under Okawaru
  7842 | D:7      | Reached skill level 12 in Axes
  8478 | D:7      | Killed Joseph
  8478 | D:7      | Received a gift from Okawaru
  8479 | D:7      | Reached skill level 1 in Throwing
  9259 | D:8      | Found a sparkling altar of Nemelex Xobeh.
  9402 | D:8      | Noticed a manticore
  9425 | D:8      | HP: 2/88 [manticore (10)]
  9426 | D:8      | Mangled by a manticore

Illustrated notes

Levels and vault maps discovered:
D:1:      sevenhm_arrival_forest_fort_large_2, layout_loops_ring
D:2:      layout_rooms, uniq_crazy_yiuf_cottage, uniq_natasha
D:3:      layout_rooms, nicolae_gozag_seed_capital, nzn_hepliaklqana_mist_gate,
          uniq_terence
D:4:      minmay_opposing_rooms, layout_basic, dk_noncrumbling_2, uniq_edmund
D:5:      layout_cave_pods, slow_altar_1, minmay_temple_entry_wispy,
          gammafunk_ghost_stat_death
D:6:      layout_cave_pools, serial_shops, shop_fountains
D:7:      layout_basic, uniq_joseph, uniq_pikel
D:8:      nzn_winding_woodlands_medium [nzn_winding_woodlands_5x5_three,
          nzn_winding_woodlands_5x15_river_crossing,
          nzn_winding_woodlands_hourglass, nzn_winding_woodlands_5x5_cross,
          nzn_winding_woodlands_center_triple_pond,
          nzn_winding_woodlands_5x5_open_star,
          nzn_winding_woodlands_5x5_default, nzn_winding_woodlands_5x15_jagged,
          nzn_winding_woodlands_5x5_checkerboard], layout_loops_cross,
          nemelex_xobeh_ov_fountains_minmay, abandoned_shop
Temple:   compressed_dpeg_circular_temple

Skill      XL: |  1  2  3  4  5  6  7  8  9 10 |
---------------+-------------------------------+-----
Axes           | 3 4 5 6 7 10 11 12 | 12.8
Fighting       | 4 5 7 |  7.8
Armour         | 4 5 6 8 |  8.0
Shields        | 4 5 6 7 8 |  8.6
Dodging        | 1 2 |  2.6
Invocations    | 1 |  1.1
Throwing       | 1 |  1.6

Action                   |  1- 3 |  4- 6 |  7- 9 | 10-12 || total
-------------------------+-------+-------+-------+-------++-------
Melee: War axe           |    71 |   174 |       |       ||   245
       Hand axe          |       |    37 |   438 |   241 ||   716
Throw: Javelin           |       |       |     4 |    12 ||    16
       Dart              |       |       |       |     8 ||     8
Invok: Heroism           |       |       |     5 |     2 ||     7
  Use: Scroll            |     3 |     4 |     4 |       ||    11
       Potion            |     1 |     1 |       |       ||     2
 Stab: Invisible         |       |       |       |     1 ||     1
Armor: Scale mail        |    36 |    88 |       |       ||   124
       Chain mail        |       |    34 |   229 |    67 ||   330
Dodge: Dodged            |    26 |    52 |   120 |    43 ||   241
Block: Kite shield       |    51 |   123 |   242 |    95 ||   511
